 Dungeon Crawl Stone Soup version 0.25-a0-589-g1e14c549ee (webtiles) character file.

Game seed: 15359429944515099057, levelgen mode: deterministic

415 NonoGG the Skirmisher (level 6, 22/66 HPs)
             Began as a Gargoyle Gladiator on Mar 10, 2020.
             Starved to death
             ... on level 3 of the Dungeon.
             The game lasted 00:37:19 (2776 turns).

NonoGG the Skirmisher (Gargoyle Gladiator)          Turns: 2776, Time: 00:37:20

Health: 22/66      AC: 23    Str: 20    XL:     6   Next: 92%
Magic:  6/6        EV:  2    Int:  8    God:
Gold:   102        SH:  0    Dex: 11    Spells: 5/5 levels left

rFire    . . .     SeeInvis .   a - +0 flail
rCold    . . .     Gourm    .   (no shield)
rNeg     + + +     Faith    .   (armour currently unavailable)
rPois    ∞         Spirit   .   (helmet currently unavailable)
rElec    .         Reflect  .   (cloak currently unavailable)
rCorr    .         Harm     .   (gloves currently unavailable)
MR       .....     NoTele   +   (boots currently unavailable)
Stlth    +.........             (no amulet)
HPRegen  0.21/turn              (no ring)
MPRegen  0.10/turn              (no ring)

@: tree-form, fainting
A: negative energy resistance 1, petrification resistance, rot immunity, AC +4
a: no special abilities


You were on level 3 of the Dungeon.
You were fainting.
You were a tree.
You visited 1 branch of the dungeon, and saw 4 of its levels.

You collected 102 gold pieces.

Inventory:

Hand Weapons
 a - a +0 flail (weapon)
 e - a +0 whip
 h - a +0 club
 w - a +0 giant club
Missiles
 d - 3 throwing nets
 l - 33 arrows (quivered)
Armour
 b - a +0 leather armour
 c - a +0 helmet (melded)
 i - a +0 scale mail (melded)
 m - a +0 robe
 n - a cursed +0 robe
 r - a +0 leather armour
 t - a +0 ring mail
 u - a +0 pair of gloves (melded)
Wands
 y - a wand of random effects (10)
Scrolls
 f - a scroll of magic mapping {unknown}
 g - 2 scrolls of fear {unknown}
 k - 2 scrolls of identify {unknown}
 s - 2 scrolls of enchant weapon {unknown}
 v - a scroll of remove curse {unknown}
 x - a scroll of enchant armour {unknown}
Potions
 o - a potion of curing {unknown}
 p - a potion of flight {unknown}
 q - a potion of cancellation {unknown}


   Skills:
 * Level 7.1 Fighting
 - Level 4.0 Maces & Flails
 - Level 1.7 Throwing
 - Level 2.6 Dodging


You had 5 spell levels left.
You didn't know any spells.
Your spell library was empty.

Dungeon Overview and Level Annotations

Branches:
Dungeon (4/15)
 Temple: D:4-7

Altars:
Elyvilon

Shops:
D:4 *


Innate Abilities, Weirdness & Mutations

You are resistant to torment.
((Your stone body is resilient. (AC +4)))
You are immune to poison.
You resist negative energy. (rN+)
((You are resistant to electric shocks. (rElec)))
((You can survive without breathing.))
You are immune to petrification.
You are immune to rotting.


Message History

Unknown command.
You barely miss the adder skeleton.
The adder skeleton bites you but does no damage.
The jackal bites you but does no damage.
The adder skeleton bites you but does no damage.
The jackal bites you but does no damage.
You sock the adder skeleton!
The adder skeleton is almost destroyed.
The jackal bites you.
The adder skeleton bites you but does no damage.
You sock the adder skeleton!
You destroy the adder skeleton!
The jackal bites you but does no damage. x2
You cannot move.
You cannot move.
You barely miss the jackal.
The jackal bites you but does no damage. x2
You closely miss the jackal.
You have starved to death.
You die...

#......># ...
#....#### ..
####....# #.
#.......#
###.###.####### #
.....#...######Z
##.##...###..%.....
.............#####.
#.....†♣##.....
...!..h)##......#
#...###.<..#.....$
..).###.[....##....
. ..#..#.#.# ..#.
#.#....#.## ..
#..###.#(.......
#...........####
######.....##


You could see a jackal.

Vanquished Creatures
  Sigmund (D:2)
  An ogre (D:2)
  A centaur skeleton (D:4)
  Jessica (D:2)
  A worker ant (D:4)
  A howler monkey skeleton (D:4)
  3 adders (D:2)
  An adder skeleton (D:3)
  3 worms
  2 dart slugs
  2 leopard geckos
  An orc (D:4)
  2 ball pythons (D:1)
  4 bats
  4 giant cockroaches
  5 goblins
  3 hobgoblins
  5 jackals
  A quokka (D:3)
  3 frilled lizards
  3 kobolds
  6 rats
54 creatures vanquished.

Notes
Turn   | Place    | Note
-------+----------+-------------------------------------------
     0 | D:1      | NonoGG the Gargoyle Gladiator began the quest for the Orb.
     0 | D:1      | Reached XP level 1. HP: 12/12 MP: 1/1
   231 | D:1      | Reached XP level 2. HP: 18/18 MP: 2/2
   752 | D:1      | You fall into a shaft and drop 1 floor!
   764 | D:2      | Reached XP level 3. HP: 21/22 MP: 3/3
   820 | D:2      | Reached skill level 3 in Fighting
  1182 | D:2      | Noticed Jessica
  1194 | D:2      | Killed Jessica
  1194 | D:2      | Reached XP level 4. HP: 19/28 MP: 4/4
  1401 | D:3      | You fall into a shaft and drop 1 floor!
  1487 | D:4      | Reached skill level 4 in Fighting
  1625 | D:4      | Found Xessebef's General Store.
  1739 | D:4      | Reached XP level 5. HP: 30/34 MP: 5/5
  2353 | D:2      | Reached skill level 5 in Fighting
  2438 | D:2      | Noticed an ogre
  2445 | D:2      | Killed an ogre
  2445 | D:2      | Reached XP level 6. HP: 41/41 MP: 6/6
  2473 | D:2      | Found a white marble altar of Elyvilon.
  2624 | D:2      | Reached skill level 6 in Fighting
  2636 | D:2      | Noticed Sigmund
  2662 | D:2      | Killed Sigmund
  2662 | D:2      | Reached skill level 7 in Fighting
  2748 | D:3      | Paralysed by fainting for 6 turns
  2776 | D:3      | Starved to death

Levels and vault maps discovered:
D:1:      ncdulo_watergridlock, layout_basic
D:2:      layout_loops_corners, elyvilon_altar_5, uniq_sigmund, uniq_jessica
D:3:      layout_basic, first_ration, kennysheep_minor_cross, uniq_robin
D:4:      layout_gridville, minmay_temple_entry_enclosed_plants, serial_shops,
          shop, kennysheep_generic_room_4

Skill      XL: |  1  2  3  4  5  6 |
---------------+-------------------+-----
Fighting       | 3 4 5 7 |  7.1
Maces & Flails | 4 |  4.0
Throwing       | |  1.7
Dodging        | |  2.6

Action                   |  1- 3 |  4- 6 || total
-------------------------+-------+-------++-------
Melee: Flail             |   110 |   151 ||   261
Throw: Throwing net      |     1 |       ||     1
  Use: Potion            |     1 |     2 ||     3
  Eat: Ration            |     1 |       ||     1
Armor: Leather armour    |     3 |       ||     3
       Scale mail        |    81 |   102 ||   183
       Skin              |       |    62 ||    62
Dodge: Dodged            |    91 |   113 ||   204

Table legend:
 A = Non-vault XP
 B = Vault XP
 C = Vault XP percentage of total XP
 D = Non-vault monster count
 E = Vault monster count
 F = Vault count percentage of total count
                 A         B        C        D         E       F
            +---------+---------+-------+---------+---------+-------
      Total |     334 |     260 |  43.8 |      52 |       2 |   3.7
            +---------+---------+-------+---------+---------+-------
        D:1 |      31 |       0 |   0.0 |      17 |       0 |   0.0
        D:2 |     181 |     260 |  59.0 |      17 |       2 |  10.5
        D:3 |      27 |       0 |   0.0 |      12 |       0 |   0.0
        D:4 |      95 |       0 |   0.0 |       6 |       0 |   0.0
            +---------+---------+-------+---------+---------+-------
